Map: Orbital Shipyard

Players

MaxFire

  • Race: Zerg Zerg
  • League: Diamond

LilDicky - Winner!

  • Race: Terran Terran
  • League: Diamond

VOD

http://www.twitch.tv/tumescentpie

Description

Time

  • Played on: Dec. 23, 2015, 7:52 p.m.
  • Length: 11:36
Show
View Real Time Build Order
Export as new Build Order

MaxFire Zerg 

Build Orders: Hatch First 

Get SALT Encoding   

  12  0:02  Drone  
  13  0:12  Overlord  
  13  0:18  Drone  
  14  0:30  Drone  
  14  0:31  Drone  
  16  0:39  Drone  
  17  0:53  Hatchery  
  16  0:57  Drone  
  16  0:59  Drone  
  18  1:11  Extractor  
  18  1:13  Spawning Pool  
  18  1:16  Drone  
  17  1:20  Drone  
  18  1:28  Drone  
  19  1:42  Overlord  
  20  2:01  Zergling x4  
  20  2:02  Queen  
  23  2:08  Zergling x2  
  23  2:09  Queen  
  23  2:11  Drone  
  23  2:13  Metabolic Boost  
  28  2:15  Drone  
  28  2:27  Drone x2  
  30  2:45  Drone x2  
  30  2:46  Drone  
  30  2:51  Drone  
  34  2:54  Lair  
  34  2:56  Drone  
  35  3:07  Overlord  
  35  3:10  Drone  
  35  3:12  Overlord  
  36  3:14  Hatchery  
  35  3:21  Drone  
  36  3:30  Drone  
  36  3:31  Drone x5  
  42  3:47  Drone x6  
  48  3:50  Extractor x2  
  48  3:52  Extractor  
  45  4:04  Spire  
  45  4:05  Drone x2  
  46  4:13  Overlord x2  
  46  4:24  Overlord x4  
  46  4:30  Baneling Nest  
  45  4:32  Drone x4  
  45  4:35  Drone  
  45  4:36  Drone  
  45  4:38  Queen  
  53  4:42  Overseer  
  53  4:44  Overseer  
  53  4:46  Overlord  
  53  4:48  Drone  
  53  4:51  Drone x2  
  56  4:54  Drone  
  56  5:00  Drone x3  
  56  5:01  Drone  
  56  5:05  Drone x2  
  56  5:06  Drone  
  61  5:18  Zergling x14  
  68  5:32  Zergling x8  
  72  5:48  Zergling x2, Baneling x4  
  72  5:49  Zergling x8  
  63  5:58  Zergling x2  
  63  6:01  Zergling x6  
  63  6:02  Zergling x8  
  63  6:03  Baneling  
  63  6:04  Baneling x3  
  68  6:17  Zergling x2  
  68  6:18  Zergling x8  
  64  6:28  Drone  
  65  6:36  Mutalisk  
  65  6:37  Mutalisk x7  
  81  6:41  Mutalisk  
  81  6:46  Hatchery  
  82  6:50  Burrow  
  82  6:53  Mutalisk  
  82  6:54  Mutalisk  
  80  7:15  Zergling x2  
  80  7:16  Zergling x14  
  85  7:30  Baneling  
  85  7:31  Baneling x3  
  85  7:32  Zergling x4  
  80  7:58  Zergling x2  
  80  7:59  Zergling x10  
  80  8:02  Hatchery  
  84  8:30  Drone x4  
  88  8:37  Extractor  
  88  8:40  Mutalisk, Extractor  
  88  8:41  Mutalisk  
  81  8:56  Baneling x2  
  81  8:57  Baneling x2  
  81  8:58  Hatchery  
  69  9:05  Zergling x14  
  69  9:06  Zergling x4  
  73  9:22  Zergling x2  
  71  9:25  Baneling  
  71  9:26  Baneling x5  
  71  9:28  Mutalisk x2  
  71  9:29  Mutalisk  
  63  10:00  Zergling x10  
  63  10:03  Hatchery  
  66  10:08  Hatchery  
  65  10:14  Drone  
  65  10:15  Drone  
  65  10:16  Zergling x2  
  66  10:41  Zergling x10  
  71  10:47  Zergling x2  
  72  10:52  Drone x3  
  75  10:57  Zergling x2  
  75  10:58  Zergling x2  
Show
View Real Time Build Order
Export as new Build Order

LilDicky Terran - Winner!

Build Orders: MMM Bio 

Get SALT Encoding   

  12  0:01  SCV  
  13  0:13  SCV  
  14  0:18  Supply Depot  
  14  0:25  SCV  
  15  0:39  SCV  
  15  0:42  Barracks  
  16  0:51  SCV  
  17  1:03  SCV  
  18  1:16  SCV  
  19  1:30  Marine  
  19  1:31  Orbital Command  
  20  1:37  Command Center  
  20  1:46  Refinery  
  20  1:48  Marine  
  20  1:49  Refinery  
  21  1:58  SCV, Supply Depot  
  22  2:11  SCV  
  23  2:26  Barracks Reactor  
  23  2:27  Barracks  
  23  2:28  SCV  
  23  2:29  Barracks  
  24  2:47  SCV  
  26  2:56  Orbital Command  
  25  3:03  SCV, Marine x2  
  28  3:15  SCV  
  28  3:16  Barracks Tech Lab  
  28  3:17  Barracks Tech Lab  
  29  3:23  SCV  
  29  3:25  Barracks  
  29  3:26  Barracks  
  31  3:27  SCV  
  31  3:29  Marine x2  
  33  3:35  SCV  
  33  3:39  SCV  
  35  3:46  Marine x2  
  37  3:48  Bunker  
  37  3:52  Marine x2  
  37  3:54  Combat Shields, Stimpack  
  39  3:58  SCV  
  40  4:04  Marine x2  
  42  4:10  Marine x2  
  42  4:15  Barracks Reactor  
  42  4:16  Marine  
  45  4:21  Marine  
  45  4:24  Factory  
  46  4:29  SCV, Marine x3  
  46  4:31  Supply Depot  
  50  4:32  Supply Depot  
  50  4:34  Marine  
  50  4:36  SCV  
  52  4:42  SCV  
  52  4:45  Marine  
  54  4:52  SCV, Marine x2  
  56  5:02  Marine x3  
  59  5:13  Factory Reactor  
  59  5:16  Starport  
  59  5:18  Marine  
  59  5:19  Marine x2  
  62  5:21  Marine x3  
  62  5:25  Supply Depot  
  62  5:27  Supply Depot  
  66  5:32  SCV  
  67  5:36  Marine x3  
  67  5:37  Engineering Bay  
  67  5:39  Marine  
  70  5:45  Supply Depot, Marine x2  
  70  5:47  Supply Depot  
  72  6:00  Marine x4  
  72  6:01  Marine  
  72  6:03  Marine  
  78  6:10  SCV x2  
  68  6:11  Medivac x2  
  68  6:15  Marine  
  68  6:18  Marine  
  66  6:28  Marine x4  
  66  6:30  Marine  
  66  6:32  Marine  
  66  6:37  SCV  
  68  6:40  Marine  
  68  6:41  SCV, Medivac x2  
  68  6:45  Marine  
  68  6:46  Marine  
  76  6:58  Marine x4  
  76  6:59  Marine  
  82  7:01  SCV  
  82  7:02  SCV  
  82  7:07  Terran Infantry Weapons Level 1  
  83  7:08  Command Center  
  83  7:11  Medivac x2  
  83  7:13  SCV  
  86  7:32  Marine  
  86  7:33  Marauder x2  
  89  7:43  Marine x3  
  76  7:54  Marauder x2  
  76  7:55  Marine x2  
  78  7:58  Missile Turret  
  78  7:59  Barracks x3  
  78  8:00  Missile Turret, Marine  
  78  8:01  Marine  
  78  8:05  Marine  
  81  8:06  Medivac x2  
  85  8:12  Marine  
  85  8:13  Marine  
  85  8:14  Armory  
  85  8:15  Marine  
  85  8:16  Supply Depot  
  85  8:17  Engineering Bay  
  85  8:18  Missile Turret  
  88  8:27  Missile Turret  
  88  8:34  Marine x3  
  88  8:35  Missile Turret, Marine  
  91  8:44  Missile Turret  
  91  8:46  Missile Turret  
  91  8:47  Missile Turret  
  89  9:03  Marine x2  
  89  9:04  Marauder x2, Marine x5  
  100  9:15  Planetary Fortress  
  100  9:18  Missile Turret  
  67  9:53  Marine x2  
  67  9:54  Marauder x2  
  67  9:55  Marine x6  
  73  10:02  Missile Turret  
  73  10:04  SCV x3  
  73  10:05  Missile Turret  
  76  10:11  Marine x2  
  76  10:13  Marine x6  
  84  10:15  Marauder  
  84  10:16  SCV  
  84  10:20  Barracks  
  87  10:21  Marine  
  87  10:22  Barracks  
  87  10:24  SCV  
  87  10:28  Medivac  
  91  10:29  Marine x2  
  91  10:30  Marine  
  94  10:40  Marine x2  
  93  10:45  Missile Turret  
  93  10:49  Missile Turret  
  91  10:52  Missile Turret  
  91  10:56  Engineering Bay x2  
  91  10:57  Missile Turret  
  91  10:58  Marine x2  
  93  11:17  Marine x2  
  93  11:18  Marine x8  
Tags
 
Add a new tag
Caveats
  • Supply blocks, unpowered buildings, or Contaminate may cause inaccurate times.
  • Supply counts are checked every 10 seconds.